 Dungeon Crawl Stone Soup version 0.30-a0-341-g682706514a (webtiles) character file.

Game seed: 9092387402481026319

17231 kae the Martial Artist (level 12, -1/116 HPs)
             Began as a Pale Draconian Transmuter on Nov 3, 2022.
             Was a Believer of Ru.
             Engulfed by a fire crab's flame (43 damage)
             ... on level 2 of the Lair of Beasts on Nov 4, 2022.
             The game lasted 00:16:32 (16172 turns).

kae the Martial Artist (Pale Draconian Transmuter) Turns: 16172, Time: 00:16:33

Health: -1/116     AC:  9    Str: 12    XL:     12   Next: 17%
Magic:  18/22      EV: 26    Int: 19    God:    Ru [**....]
Gold:   463        SH:  0    Dex: 12    Spells: 15/25 levels left

rFire   x . .      SeeInvis .      - Unarmed
rCold   + + +      Faith    .    (shield currently unavailable)
rNeg    . . .      Spirit   .    (body armour unavailable)
rPois   +          Reflect  .    (helmet currently unavailable)
rElec   .          Harm     .    (cloak currently unavailable)
rCorr   .          Rampage  .    (gloves currently unavailable)
Will    .....                    (boots currently unavailable)
Stlth   +.........               A - amulet of the acrobat
HPRegen 0.39/turn                L - ring of flight
MPRegen 0.18/turn                C - ring of protection from cold

@: ice-form, acrobatic, flying
A: freezing attack, amphibious, boosted hp, (breathe steam), AC +8, large,
unfitting armour, (cold-blooded), hated by all, (steam resistance)
a: End Transformation, Renounce Religion


You were on level 2 of the Lair of Beasts.
You worshipped Ru.
Ru was pleased with you.
You were a creature of crystalline ice.
You visited 3 branches of the dungeon, and saw 13 of its levels.
You also visited: Ice Cave.

You collected 762 gold pieces.
You spent 299 gold pieces at shops.


Innate Abilities, Weirdness & Mutations

You are a creature of crystalline ice.
You have a powerful freezing melee attack.
You are amphibious.
Your maximum health is increased.
Your armour is entirely melded.
You are incapable of wielding weapons or throwing items.
((You can breathe blasts of scalding, opaque steam.))
((Your pale cyan-grey scales are hard. (AC +8)))
You cannot fit into any form of body armour.
((You are cold-blooded and may be slowed by cold attacks.))
You are hated by all.
((You are immune to the effects of steam.))


   Skills:
 + Level 6.8 Fighting
 + Level 5.9 Dodging
 * Level 11.9 Unarmed Combat
 + Level 7.0 Spellcasting
 + Level 8.5 Transmutations
 + Level 8.2 Ice Magic
 - Level 2.9 Poison Magic


You had 15 spell levels left.
You knew the following spells:

 Your Spells              Type           Power      Damage    Failure   Level
a - Beastly Appendage     Tmut           78%        N/A       1%          1
b - Wereblood             Tmut           39%        N/A       1%          2
c - Spider Form           Tmut/Pois      28%        N/A       3%          3
d - Ice Form              Ice/Tmut       38%        N/A       3%          4

Your spell library contained the following spells:

 Spells                   Type           Power      Damage    Failure   Level
 Hailstorm                Conj/Ice       22%        3d7       5%          3
 Ignite Poison            Fire/Tmut/Pois 21%        N/A       6%          3
 Kiss of Death            Conj/Necr      24%        2d7       10%         1
 Slow                     Hex            24%        N/A       10%         1
 Sublimation of Blood     Necr           6%         N/A       16%         2
 Petrify                  Tmut/Erth      22%        N/A       17%         4
 Alistair's Intoxication  Tmut/Pois      18%        N/A       26%         5
 Confusing Touch          Hex            6%         N/A       30%         3
 Vampiric Draining        Necr           6%         2d6       30%         3
 Vhi's Electric Charge    Tloc/Air       12%        N/A       30%         3
 Olgreb's Toxic Radiance  Pois           17%        N/A       30%         4
 Irradiate                Conj/Tmut      11%        3d15      43%         5
 Dispel Undead            Necr           6%         3d8       69%         4
 Sticky Flame             Conj/Fire      6%         2d3       69%         4
 Eringya's Noxious Bog    Tmut/Pois      14%        N/A       83%         6
 Arcjolt                  Conj/Air       3%         1d13      95%         5
 Borgnjor's Vile Clutch   Necr/Erth      3%         N/A       95%         5
 Ozocubu's Refrigeration  Ice            18%        4d11      96%         7
 Ignition                 Fire           3%         3d4       100%        8
 Maxwell's Capacitive Co  Air            3%         ∞         100%        8
 Simulacrum               Ice/Necr       Unusable   N/A       N/A         6

Inventory:

Hand Weapons
 u - a +0 dire flail
   (You bought it in a shop on level 7 of the Dungeon)
Missiles
 g - 4 boomerangs
 i - 106 stones
 l - a throwing net {=f!f}
 m - 43 poisoned darts
 s - a curare-tipped dart {=f}
Armour
 I - a +2 hat (melded)
   (You took it off Gastronok on level 1 of the Lair of Beasts)
Magical Staves
 j - a staff of air {!a}
   (You found it on level 1 of the Dungeon)
 F - a staff of poison {!a}
   (You found it on level 1 of the Lair of Beasts)
Jewellery
 c - a ring of protection from cold
   (You found it in an ice cave)
 A - an amulet of the acrobat (around neck)
   (You took it off an orc on level 10 of the Dungeon)
 C - a ring of protection from cold (right front paw)
   (You took it off a kobold on level 10 of the Dungeon)
 L - a ring of flight (left front paw)
   (You found it on level 7 of the Dungeon)
Wands
 n - a wand of roots (19)
   (You took it off a gnoll on level 6 of the Dungeon)
 q - a wand of flame (31)
   (You found it on level 5 of the Dungeon)
 t - a wand of digging (2)
   (You found it on level 7 of the Dungeon)
Scrolls
 d - 6 scrolls of teleportation {@r4}
 e - 3 scrolls of magic mapping {!r}
 k - a scroll of enchant weapon
 o - 2 scrolls of poison {!r}
 r - a scroll of torment {!r}
 w - 2 scrolls of identify {@r1}
 y - a scroll of butterflies
 B - a scroll of fear
 E - a scroll of immolation {!r!r}
 G - a scroll of vulnerability {!r!r}
 H - a scroll of summoning {unknown}
 J - a scroll of silence {!r}
Potions
 a - 3 potions of lignification {!q}
 b - 3 potions of magic
 f - 2 potions of ambrosia
 h - a potion of haste {@q3}
 p - 2 potions of degeneration {!q}
 v - 2 potions of mutation {unknown}
 x - a potion of heal wounds {@q2}
 z - a potion of flight
 D - 4 potions of curing {@q1}

Dungeon Overview and Level Annotations

Branches:
Dungeon (10/15) Zot: 26041  Temple (1/1) D:4 Zot: 5870    Lair (2/5) D:9 Zot: 10406
  IceCv (visited)
  Swamp: Lair:2-3    Shoals: Lair:2-3     Snake: Lair:2-3    Spider: Lair:2-3
    Orc: D:9-12

Altars:
Ashenzari
Cheibriados
Dithmenos
Elyvilon
Gozag
Kikubaaqudgha
Makhleb
Nemelex Xobeh
Okawaru
Qazlal
Ru
Sif Muna
Trog
Uskayaw
Vehumet
Wu Jian
Xom
Zin
The Shining One

Shops:
D:1 ?[*:   D:6 *   D:7 *

Annotations:
D:10 1 runed translucent door, HoaS's ghost, novice TeHu

###....##
##≈≈.....~~≈.#
#......P#
#○§○§.#.....##
###....##
#§○☼☼.#.....###
##.#.###
#§§§☼####...#.#
###..# #§§○§##
#....# #.#..##
#§°○§☼# ##.†##
......## #☼§°○§#
#....# .......#
##§§○☼# #....#
.......# #§§○Y#
##..## .......#
#°§§§°..#..#
.......#
..t§○§§D§§.##.##
......##
..§§§○☼○☼§§##..#
#P.##P#
≈.°§☼°§§☼☼§##..##
##+.###
.○○§§§°§≈○°☼##.##
#....#
...≈≈≈≈≈≈...##..#
+....#
...≈~~~....#...#
#....# #..##


You could see a seven-headed hydra and a fire crab.


Message History

You pummel the scorpion!! You freeze the scorpion.
You kill the scorpion!
No target in view!
A yak and a water moccasin come into view.
The yak bellows!
The water moccasin hisses angrily.
A fire crab comes into view.
A hornet comes into view.
An alligator comes into view.
The hornet buzzes angrily.
You hear an angry hiss.
The water moccasin completely misses you.
The alligator begins to attack, but is stunned by your conviction!
The water moccasin completely misses you.
The alligator puts on a burst of speed! 😎 MP[+3]
Your mp is fully restored (22).
There are monsters nearby!
You punch the water moccasin!
The water moccasin seems to slow down.
You freeze the water moccasin.
Your transformation is almost over.
The water moccasin bites you.
You punch the water moccasin! You freeze the water moccasin.
You kill the water moccasin!
A steam dragon comes into view. 😕 HP[-3]
You take 3 damage, and now have 113/116 hp.
Okay, then.
Really read
o - 3 scrolls of poison {!r}?
The air fills with toxic fumes!
As you read the scroll of poison {!r}, it crumbles to dust.
The alligator is engulfed in poison gas.
The alligator is poisoned.
The yak gores you but does no damage.
The alligator looks even sicker.
The alligator bites you. The alligator tail-slaps you. 😕 HP[-10]
You take 10 damage, and now have 103/116 hp.
You hit the yak. You freeze the yak.
The steam dragon is engulfed in poison gas.
The steam dragon is poisoned.
The yak gores you!
The alligator looks even sicker.
The alligator bites you! The alligator tail-slaps you! 😮 HP[-28]
You take 28 damage, and now have 75/116 hp.
MASSIVE DAMAGE!! (PAUSE) Unknown command.
You pummel the yak!! You freeze the yak.
The alligator is engulfed in poison gas.
The alligator looks as sick as possible!
The alligator bites you. The alligator barely misses you.
The steam dragon is engulfed in poison gas.
The steam dragon looks even sicker.
The yak gores you but does no damage. 😮 HP[-4]
You take 4 damage, and now have 71/116 hp.
You hit the yak. You freeze the yak.
You kill the yak!
The alligator is engulfed in poison gas.
The alligator looks as sick as possible!
The alligator bites you! The alligator closely misses you.
The steam dragon is engulfed in poison gas.
The steam dragon looks even sicker. 😮 HP[-8]
You take 8 damage, and now have 63/116 hp.
Unknown command.
You hit the alligator.
The alligator seems to slow down.
You freeze the alligator. The hornet barely misses you.
The alligator looks as sick as possible!
The alligator bites you!
* * * LOW HITPOINT WARNING * * *
The alligator closely misses you. 😨 HP[-12]
You take 12 damage, and now have 51/116 hp.
You pummel the hornet!! You freeze the hornet!
You kill the hornet!
The steam dragon is engulfed in poison gas.
The steam dragon looks as sick as possible!
You kill the steam dragon!
Your Spellcasting skill increases to level 7!
Unknown command.
You pummel the alligator!! You freeze the alligator.
A seven-headed hydra comes into view.
The alligator is engulfed in poison gas.
The alligator looks as sick as possible!
You kill the alligator!
Unknown command.
The seven-headed hydra roars!
Things that are here:
a yak corpse; a water moccasin corpse; 😨 HP[+1]
A hornet comes into view.
You warm up again.
Your +2 hat unmelds from your body. 😨 HP[-9]
You now have 97 max hp (-19).
The fire crab breathes flames at you. The blast of flame engulfs you!
* * * LOW HITPOINT WARNING * * *
😨 HP[-8]
You take 8 damage, and now have 35/97 hp.
Casting: Ice Form (dangerous; 3% risk of failure)
Confirm with . or Enter, or press ? or * to list all spells.
You turn into a creature of crystalline ice.
Your +2 hat melds into your body.
You are engulfed in blazing flames.
You die...

Skill      XL: |  1  2  3  4  5  6  7  8  9 10 11 12 |
---------------+-------------------------------------+-----
Unarmed Combat | 4 5 6 8 9 10 11 | 11.9
Transmutations | 3 4 5 6 7 8 |  8.5
Poison Magic   | 1 2 |  2.9
Ice Magic      | 2 5 6 8 |  8.2
Spellcasting   | 3 4 5 6 7 |  7.0
Dodging        | 3 4 5 |  5.9
Fighting       | 3 5 6 |  6.8

Action                   |  1- 3 |  4- 6 |  7- 9 | 10-12 || total
-------------------------+-------+-------+-------+-------++-------
Melee: Unarmed           |    68 |   123 |   299 |   375 ||   865
       Kick              |     8 |     3 |       |       ||    11
       Tailslap          |     8 |     2 |       |       ||    10
       Headbutt          |     3 |       |       |       ||     3
       Punch             |     1 |     2 |       |       ||     3
 Cast: Beastly Appendage |    16 |     5 |     2 |       ||    23
       Spider Form       |     1 |    30 |    23 |       ||    54
       Wereblood         |       |     1 |     3 |     6 ||    10
       Ice Form          |       |       |    21 |    43 ||    64
Invok: Sacrifice Love    |       |       |       |     1 ||     1
 Abil: Breathe Steam     |       |       |    14 |     4 ||    18
       End Transformatio |       |       |     1 |     1 ||     2
  Use: Potion            |     2 |     1 |     1 |     1 ||     5
       Scroll            |       |     2 |    13 |     4 ||    19
 Stab: Sleeping          |       |       |     1 |       ||     1
Armor: Skin              |    28 |    17 |    77 |   111 ||   233
Dodge: Dodged            |    64 |   105 |   215 |   208 ||   592

Levels and vault maps discovered:
D:1:      minmay_arrival_shoal_huts, layout_rooms, serial_shops, shop, shop,
          shop, nicolae_shop_advertising_works [nicolae_subvault_shop_adworks],
          hangedman_abyss_or_decor_lesser_grid, minmay_pentomino_v2
D:2:      layout_basic, ebering_ecumenical_altar_hall, roderic_roman_lattice,
          uniq_sigmund
D:3:      layout_loops_ring, gammafunk_temple_overflow_elements, uniq_terence
D:4:      layout_basic, mainiacjoe_overflow_concentric_impassable,
          minmay_temple_entry_junction_2
D:5:      layout_loops_corners
D:6:      lemuel_ice_spiral_2, layout_basic, guppyfry_shop_venom
D:7:      layout_gridville, serial_shops, kennysheep_little_box
D:8:      layout_loops_ring, special_room [special_room_orc]
D:9:      layout_roguey, old_standard_altar, david_lair_shrubbed, st_stairs_4,
          uniq_maurice, uniq_grum
D:10:     layout_rooms, hellmonk_ghost_big_iron
Temple:   dpeg_three_leaves_temple
Lair:1:   layout_roguey, portal_ice_cave_entry_pillars_2, uniq_nergalle,
          uniq_gastronok
Lair:2:   layout_regular_city, minmay_shoals_entry_lonely_mermaid,
          nicolae_lair_lakeside_cave, uniq_amaemon

Notes
Turn   | Place    | Note
-------+----------+-------------------------------------------
     0 | D:1      | kae the Draconian Transmuter began the quest for the Orb.
     0 | D:1      | Reached XP level 1. HP: 16/16 MP: 3/3
     0 | D:1      | magus.rc [v1.11.3]
   124 | D:1      | Reached XP level 2. HP: 23/23 MP: 3/5
   223 | D:1      | Found Ydoxyup's Antique Armour Shoppe.
   254 | D:1      | Found Unnaypih's Assorted Antiques.
   262 | D:1      | Bought a scroll labelled CIDARY UNAIMP for 19 gold pieces
   335 | D:1      | magus.rc [v1.11.3]
   371 | D:1      | Found Uleyrr's Magic Scroll Shop.
   387 | D:1      | Bought a scroll of identify for 28 gold pieces
   416 | D:1      | Learned a level 2 spell: Wereblood
   459 | D:1      | Found Kuplorun's Book Shop.
   523 | D:1      | Reached XP level 3. HP: 26/28 MP: 6/6
   527 | D:1      | Learned a level 3 spell: Spider Form
   718 | D:2      | Noticed Sigmund
   761 | D:2      | HP: 7/28 [Sigmund/+1 scythe of protection (3)]
   767 | D:2      | Killed Sigmund
   768 | D:2      | Reached skill level 4 in Unarmed Combat
   768 | D:2      | Reached skill level 3 in Transmutations
   768 | D:2      | Reached skill level 1 in Poison Magic
   768 | D:2      | Reached XP level 4. HP: 7/35 MP: 4/7
   768 | D:2      | Reached XP level 5. HP: 8/40 MP: 4/8
   769 | D:2      | Reached skill level 5 in Unarmed Combat
   832 | D:2      | Reached skill level 2 in Poison Magic
   930 | D:2      | You fall into a shaft and drop 2 floors!
  1034 | D:4      | Reached XP level 6. HP: 14/47 MP: 6/9
  1178 | D:4      | Found a broken altar of Ashenzari.
  1620 | D:4      | Found a staircase to the Ecumenical Temple.
  1681 | Temple   | Entered the Ecumenical Temple
  2215 | D:3      | Noticed Terence
  2225 | D:3      | Killed Terence
  2226 | D:3      | Reached skill level 4 in Transmutations
  2303 | D:3      | Reached skill level 6 in Unarmed Combat
  2498 | D:3      | You add the spells Alistair's Intoxication, Borgnjor's Vile
                  | Clutch and Eringya's Noxious Bog to your library.
  2524 | D:3      | Identified the +0 helmet "Togivige" {rN++}
  2792 | D:3      | Found a white marble altar of Elyvilon.
  2792 | D:3      | Found a hide-covered altar of Uskayaw.
  3068 | D:2      | You add the spells Vhi's Electric Charge, Arcjolt and
                  | Maxwell's Capacitive Coupling to your library.
  3172 | D:2      | Found a faded altar of an unknown god.
  3570 | D:2      | You add the spells Olgreb's Toxic Radiance, Ozocubu's
                  | Refrigeration and Ignition to your library.
  3828 | D:5      | Entered Level 5 of the Dungeon
  3861 | D:5      | Your scales start taking on a pale cyan-grey colour.
  3861 | D:5      | Reached XP level 7. HP: 50/52 MP: 6/10
  3861 | D:5      | Gained mutation: You are immune to the effects of steam.
                  | [Pale Draconian growth]
  3874 | D:5      | Learned a level 4 spell: Ice Form
  4049 | D:5      | You add the spells Ignite Poison and Sticky Flame to your
                  | library.
  4285 | D:5      | Reached skill level 1 in Ice Magic
  4385 | D:5      | You pick up a book of Debilitation and begin reading...
  4385 | D:5      | You add the spells Slow, Vampiric Draining and Confusing
                  | Touch to your library.
  4935 | D:6      | Reached skill level 2 in Ice Magic
  5010 | D:6      | Reached skill level 3 in Spellcasting
  5011 | D:6      | HP: 4/52 [orc priest/nerve-wracking pain (14)]
  5014 | D:6      | Reached XP level 8. HP: 5/59 MP: 10/12
  5015 | D:6      | Reached skill level 7 in Unarmed Combat
  5016 | D:6      | Reached skill level 3 in Ice Magic
  5272 | D:6      | Reached skill level 5 in Transmutations
  5458 | D:6      | You pick up a book of Alchemy and begin reading...
  5458 | D:6      | You add the spells Sublimation of Blood, Petrify and
                  | Irradiate to your library.
  5729 | D:6      | Reached skill level 4 in Ice Magic
  5992 | D:6      | You pick up a book of the Tundra and begin reading...
  5992 | D:6      | You add the spells Hailstorm and Simulacrum to your
                  | library.
  6244 | D:6      | Found Huhugif's Serpentskin Sales.
  6539 | D:7      | Reached skill level 8 in Unarmed Combat
  6684 | D:7      | Reached skill level 4 in Spellcasting
  6684 | D:7      | Reached skill level 5 in Ice Magic
  6760 | D:6      | Reached XP level 9. HP: 30/64 MP: 15/15
  7115 | D:7      | HP: 17/76 [gnoll/+0 spear[a gnoll bouda] (8)]
  7125 | D:7      | HP: 11/76 [gnoll/+0 spear[a gnoll bouda] (3)]
  7549 | D:7      | Reached skill level 2 in Dodging
  7797 | D:7      | You pick up a book of Touch and begin reading...
  7797 | D:7      | You add the spells Kiss of Death and Dispel Undead to your
                  | library.
  7900 | D:7      | Found Qowoor's Assorted Antiques.
  7907 | D:7      | Reached skill level 2 in Fighting
  7997 | D:7      | Bought a dire flail for 128 gold pieces
  7997 | D:7      | Bought a scroll labelled SIRAOT ORYMMO for 32 gold pieces
  7997 | D:7      | Bought a scroll of identify for 64 gold pieces
  7997 | D:7      | Bought a dark potion for 28 gold pieces
  8229 | D:8      | Reached skill level 6 in Transmutations
  8564 | D:8      | Reached skill level 9 in Unarmed Combat
  9032 | D:8      | Reached skill level 3 in Dodging
  9043 | D:8      | Reached skill level 3 in Fighting
  9116 | D:8      | HP: 13/81 [steam dragon/ball of steam (27)]
  9508 | D:8      | HP: 21/84 [gnoll/+0 spear[a gnoll sergeant] (8)]
  9875 | D:9      | Reached skill level 5 in Spellcasting
  9875 | D:9      | Reached skill level 6 in Ice Magic
  9875 | D:9      | Reached XP level 10. HP: 77/77 MP: 7/17
  9886 | D:9      | Found a sacrificial altar of Ru.
  9896 | D:9      | Became a worshipper of Ru the Awakened
  9987 | D:9      | Noticed Grum
 10006 | D:9      | Killed Grum
 10173 | D:9      | Reached skill level 4 in Fighting
 10584 | D:9      | Noticed Maurice
 10625 | D:9      | HP: 23/96 [cloud of steam (3)]
 10626 | D:9      | Killed Maurice
 10627 | D:9      | Reached skill level 4 in Dodging
 10627 | D:9      | Reached skill level 10 in Unarmed Combat
 10627 | D:9      | Reached skill level 7 in Transmutations
 10630 | D:9      | HP: 16/96 [poisoned by Maurice]
 11035 | D:9      | Found a staircase to the Lair.
 11106 | D:10     | Entered Level 10 of the Dungeon
 11106 | D:10     | Found a runed translucent door.
 11108 | D:10     | Noticed HoaS's ghost (novice TeHu)
 12070 | Lair:1   | Entered Level 1 of the Lair of Beasts
 12104 | Lair:1   | Noticed a cane toad
 12109 | Lair:1   | Killed a cane toad
 12193 | Lair:1   | Reached skill level 5 in Fighting
 12247 | Lair:1   | Noticed a black mamba
 12253 | Lair:1   | Killed a black mamba
 12254 | Lair:1   | Reached XP level 11. HP: 78/86 MP: 14/19
 12254 | Lair:1   | Found a frozen archway.
 12279 | Lair:1   | Reached skill level 7 in Ice Magic
 12284 | Lair:1   | Reached skill level 6 in Spellcasting
 12386 | IceCv    | Entered an ice cave
 12481 | IceCv    | HP: 26/105 [ice beast[an ice statue] (2)]
 13188 | IceCv    | Reached skill level 5 in Dodging
 13318 | IceCv    | HP: 26/105 [dire elephant simulacrum (8)]
 13322 | IceCv    | HP: 9/105 [dire elephant simulacrum (15)]
 13324 | IceCv    | Reached skill level 11 in Unarmed Combat
 13794 | IceCv    | HP: 23/106 [harpy simulacrum (5)]
 13795 | IceCv    | HP: 11/106 [harpy simulacrum (6)]
 14366 | IceCv    | HP: 18/106 [anaconda simulacrum (12)]
 14767 | IceCv    | Noticed a necromancer
 14767 | IceCv    | Noticed a bog body
 14768 | IceCv    | Gained mutation: You are hated by all. [Ru sacrifice]
 14768 | IceCv    | Reached * piety under Ru
 14768 | IceCv    | Reached ** piety under Ru
 14775 | IceCv    | Killed a bog body
 14776 | IceCv    | Reached skill level 6 in Fighting
 14776 | IceCv    | Killed a necromancer
 14777 | IceCv    | Reached skill level 8 in Transmutations
 14874 | Lair:1   | magus.rc [v1.11.3]
 14957 | Lair:1   | Noticed Gastronok
 14970 | Lair:1   | Killed Gastronok
 15091 | Lair:1   | Noticed Nergalle
 15100 | Lair:1   | Killed Nergalle
 15436 | Lair:1   | Reached skill level 8 in Ice Magic
 15579 | Lair:1   | Reached XP level 12. HP: 97/97 MP: 15/22
 16158 | Lair:2   | Noticed an alligator
 16168 | Lair:2   | Reached skill level 7 in Spellcasting
 16168 | Lair:2   | Noticed a seven-headed hydra
 16168 | Lair:2   | Killed an alligator
 16172 | Lair:2   | Engulfed by a fire crab's flame

Vanquished Creatures
  Gastronok (Lair:1)
  An alligator (Lair:2)
  Nergalle (Lair:1)
  A bog body (IceCv)
  A necromancer (IceCv)
  A black mamba (Lair:1)
  Maurice (D:9)
  2 ice statues (IceCv)
  A cane toad (Lair:1)
  2 anaconda simulacra (IceCv)
  6 ice devils (IceCv)
  5 komodo dragons
  A troll (D:9)
  A polar bear (Lair:1)
  A hornet (Lair:2)
  3 blink frogs (Lair:1)
  Sigmund (D:2)
  2 dire elephant simulacra (IceCv)
  2 wyverns
  5 yaks
  Grum (D:9)
  2 steam dragons
  2 hydra simulacra (IceCv)
  2 acid dragons
  4 harpy simulacra (IceCv)
  6 water moccasins
  7 orc warriors
  2 black bears
  3 sky beasts (D:7)
  An ice beast (D:6)
  4 wolves (D:9)
  2 ogres
  2 centaurs (D:9)
  6 kobold brigands
  6 bullfrogs
  A gnoll sergeant (D:8)
  A scorpion (Lair:2)
  3 wights (D:10)
  6 killer bees (D:8)
  An elephant simulacrum (IceCv)
  4 howler monkeys (D:9)
  5 hounds
  A jelly (D:6)
  8 orc priests
  5 gnoll boudas
  Terence (D:3)
  5 iguanas
  12 orc wizards
  A spriggan simulacrum (IceCv)
  25 gnolls
  A naga simulacrum (IceCv)
  3 adders
  A shadow imp (D:6)
  5 white imps
  3 ufetubi
  A dart slug (D:4)
  59 orcs
  12 ball pythons
  6 endoplasms
  3 giant cockroaches
  9 goblins
  6 hobgoblins
  3 jackals (D:3)
  25 kobolds
  4 quokkas
  7 bats
  5 frilled lizards
  4 rats
325 creatures vanquished.

Vanquished Creatures (others)
  7 fungi
  12 plants
19 creatures vanquished.

Grand Total: 344 creatures vanquished

Table legend:
 A = Non-vault XP
 B = Vault XP
 C = Vault XP percentage of total XP
 D = Non-vault monster count
 E = Vault monster count
 F = Vault count percentage of total count
                 A         B        C        D         E       F
            +---------+---------+-------+---------+---------+-------
      Total |   11817 |   12799 |  52.0 |     261 |      64 |  19.7
            +---------+---------+-------+---------+---------+-------
        D:1 |      40 |       2 |   4.8 |      24 |       1 |   4.0
        D:2 |      69 |     231 |  77.0 |      11 |       1 |   8.3
        D:3 |      35 |      36 |  50.7 |      19 |       1 |   5.0
        D:4 |     276 |       0 |   0.0 |      29 |       0 |   0.0
        D:5 |     405 |       0 |   0.0 |      13 |       0 |   0.0
        D:6 |    1201 |     303 |  20.1 |      41 |       4 |   8.9
        D:7 |    1055 |       0 |   0.0 |      28 |       0 |   0.0
        D:8 |    1605 |      83 |   4.9 |      29 |      15 |  34.1
        D:9 |    1755 |    1901 |  52.0 |      26 |      10 |  27.8
       D:10 |     740 |       0 |   0.0 |      21 |       0 |   0.0
     Lair:1 |    3888 |    2257 |  36.7 |      15 |       2 |  11.8
     Lair:2 |     748 |    1556 |  67.5 |       5 |       5 |  50.0
      IceCv |       0 |    6430 | 100.0 |       0 |      25 | 100.0
            +---------+---------+-------+---------+---------+-------

Illustrated notes

Table legend:
 A = Kills in this place as a percentage of kills in entire the game.
 B = Kills by you in this place as a percentage of kills by you in the entire game.
 C = Kills by friends in this place as a percentage of kills by friends in the entire game.
 D = Other kills in this place as a percentage of other kills in the entire game.
 E = Experience gained in this place as a percentage of experience gained in the entire game.
 F = Experience gained in this place divided by the number of levels of this place that you have seen.
                   A       B       C       D       E      F
               +-------+-------+-------+-------+-------+----------------------
         Total | 100.0 | 100.0 |   N/A |   N/A | 100.0 | 1758.3
       Dungeon |  84.0 |  84.0 |   N/A |   N/A |  39.6 | 973.7
          Lair |   8.3 |   8.3 |   N/A |   N/A |  34.3 | 4224.5
      Ice Cave |   7.7 |   7.7 |   N/A |   N/A |  26.1 | 6430.0
               +-------+-------+-------+-------+-------+----------------------

Table legend: (Time is in decaauts)
 A = Elapsed time spent in this place.
 B = Non-inter-level travel time spent in this place.
 C = Inter-level travel time spent in this place.
 D = Time resting spent in this place.
 E = Time spent auto-exploring this place.
 F = Levels seen in this place.
 G = Mean time per level.
                   A        B        C        D        E       F      G
               +--------+--------+--------+--------+--------+-----+--------+
         Total |  16039 |  15469 |    570 |   1158 |  11958 |  14 | 1145.6 |
       Dungeon |  11862 |  11382 |    480 |    654 |   8954 |  10 | 1186.2 |
        Temple |    129 |    122 |      7 |      0 |     63 |   1 |  129.0 |
          Lair |   1593 |   1511 |     82 |    287 |   1018 |   2 |  796.5 |
      Ice Cave |   2453 |   2453 |      0 |    217 |   1923 |   1 | 2453.0 |
               +--------+--------+--------+--------+--------+-----+--------+

Top non-repeatable levels by time:
   IceCv: 2453 daAuts
     D:6: 2115 daAuts
     D:8: 1731 daAuts
     D:9: 1466 daAuts
  Lair:1: 1284 daAuts
     D:4: 1152 daAuts
     D:5: 1061 daAuts
     D:7: 1061 daAuts
     D:3: 946 daAuts
     D:2: 884 daAuts
    D:10: 737 daAuts
     D:1: 704 daAuts
  Lair:2: 309 daAuts
  Temple: 129 daAuts
